 Dungeon Crawl Stone Soup version 0.23-a0-241-g3b46b07 (webtiles) character file.

396 galech the Chopper (level 6, 0/72 HPs)
             Began as a Demonspawn Fighter on Sept 26, 2018.
             Succumbed to Robin's poison
             ... on level 3 of the Dungeon.
             The game lasted 00:03:12 (2708 turns).

galech the Chopper (Demonspawn Fighter)             Turns: 2708, Time: 00:03:12

Health: 0/72       AC: 23    Str: 16    XL:     6   Next: 52%
Magic:  6/6        EV:  2    Int:  9    God:
Gold:   93         SH:  9    Dex: 20    Spells: 5/5 levels left

rFire    . . .     SeeInvis .   a - +0 war axe
rCold    . . .     Gourm    .   c - +0 shield
rNeg     + + +     Faith    .   (armour currently unavailable)
rPois    +         Spirit   .   (helmet currently unavailable)
rElec    .         Reflect  .   (cloak currently unavailable)
rCorr    .         Harm     .   (gloves currently unavailable)
MR       .....     NoTele   +   (boots currently unavailable)
Stlth    +++.......             (no amulet)
HPRegen  0.22/turn              (no ring)
MPRegen  0.10/turn              (no ring)

@: agile, lethally poisoned (0 -> -9), tree-form
A: powered by death 2
a: no special abilities


You were on level 3 of the Dungeon.
You were not hungry.
You were a tree.
You visited 1 branch of the dungeon, and saw 3 of its levels.

You collected 93 gold pieces.

Inventory:

Hand Weapons
 a - a +0 war axe (weapon)
Armour
 b - a +0 scale mail (melded)
 c - a +0 shield (worn)
 n - a +2 helmet (melded)
 q - a +0 helmet
Wands
 p - a wand of digging (7)
Scrolls
 e - 8 scrolls of identify {unknown}
 g - a scroll of remove curse {unknown}
 h - a scroll of fog {unknown}
 i - a scroll of magic mapping {unknown}
 o - a scroll of random uselessness {unknown}
Potions
 d - a potion of might
 l - a potion of agility
Comestibles
 f - 5 rations
 m - 6 chunks of flesh


   Skills:
 + Level 4.1 Fighting
 + Level 4.3 Axes
 + Level 4.0 Armour
 + Level 0.8 Dodging
 + Level 0.4 Stealth
 + Level 3.3 Shields


You had 5 spell levels left.
You didn't know any spells.
Your spell library was empty.

Dungeon Overview and Level Annotations

Branches:
Dungeon (3/15)

Altars:
Dithmenos
Fedhas
Hepliaklqana
Makhleb
Nemelex Xobeh


Innate Abilities, Weirdness & Mutations

((You have sharp toenails.))
You regenerate health from kills.


Message History

* * * LOW HITPOINT WARNING * * *
You feel sick.
Things that are here:
a club; a goblin corpse It was a potion of agility.
You feel agile all of a sudden.
* * * LOW HITPOINT WARNING * * *
You feel sick.
It was a potion of lignification.
You turn into a tree.
Your +2 helmet melds into your body.
Your +0 scale mail melds into your body.
Your roots penetrate the ground.
* * * LOW HITPOINT WARNING * * *
You feel sick.
It was a potion of flight.
Your roots keep you in place.
* * * LOW HITPOINT WARNING * * *
You feel sick.
* * * LOW HITPOINT WARNING * * *
You feel sick.
You die...

....# ....# ### ....#
#.. ....# #.# ....#
#.# ....#######.# #
............#######.#
###########..<......#
## #.. #.##.#♣#####
.###.# #.##!#..)..#
..##.# #.##.#)##...#
#..#.##
..##...........
......#
##...#.#..#....
####..#
#.#.#.........
......# # #.###
#####. .......#
#.....##


There were no monsters in sight!

Vanquished Creatures
  Grinder (D:3)
  An orc priest (D:3)
  Natasha (twice) (D:3)
  Robin (D:3)
  An adder (D:2)
  An ooze (D:3)
  3 worms (D:2)
  4 dart slugs
  4 leopard geckos
  5 orcs (D:3)
  3 bats
  7 giant cockroaches
  15 goblins
  9 hobgoblins
  A jackal (D:2)
  8 kobolds
  2 frilled lizards (D:1)
  10 rats
78 creatures vanquished.

Notes
Turn   | Place    | Note
-------+----------+-------------------------------------------
     0 | D:1      | galech the Demonspawn Fighter began the quest for the Orb.
     0 | D:1      | Reached XP level 1. HP: 18/18 MP: 1/1
    47 | D:1      | Gained mutation: You have sharp toenails. [demonic
                  | ancestry]
    47 | D:1      | Reached XP level 2. HP: 22/24 MP: 2/2
   404 | D:1      | Reached XP level 3. HP: 27/29 MP: 3/3
  1098 | D:2      | Found a blossoming altar of Fedhas.
  1098 | D:2      | Found a sparkling altar of Nemelex Xobeh.
  1099 | D:2      | Found a burning altar of Makhleb.
  1099 | D:2      | Found a hazy altar of Hepliaklqana.
  1221 | D:2      | Reached XP level 4. HP: 37/37 MP: 4/4
  1285 | D:2      | Found a shadowy altar of Dithmenos.
  1536 | D:3      | Noticed Natasha
  1544 | D:3      | Killed Natasha
  1756 | D:3      | Found a faded altar of an unknown god.
  1773 | D:3      | Noticed Grinder
  1799 | D:3      | Paralysed by Grinder for 5 turns
  1808 | D:3      | Paralysed by Grinder for 6 turns
  2224 | D:3      | Gained mutation: You regenerate a little health from kills.
                  | [demonic ancestry]
  2224 | D:3      | Reached XP level 5. HP: 25/42 MP: 5/5
  2411 | D:3      | Paralysed by Grinder for 3 turns
  2425 | D:3      | Killed Grinder
  2425 | D:3      | Gained mutation: You regenerate health from kills. [demonic
                  | ancestry]
  2425 | D:3      | Reached XP level 6. HP: 14/48 MP: 6/6
  2655 | D:3      | Noticed Robin
  2656 | D:3      | Noticed Natasha
  2683 | D:3      | Killed Natasha
  2690 | D:3      | Killed Robin
  2705 | D:3      | HP: 3/72 [poisoned by Robin]
  2708 | D:3      | Succumbed to Robin's poison

Vault maps used:
D:1:      dpeg_arrival_radiant
D:2:      lemuel_doored_altar, chequers_temple_overflow_statue_of_worship,
          st_stairs_11
D:3:      first_ration, chequers_ecumenical_altar_simple, uniq_grinder,
          uniq_robin, uniq_natasha

Skill      XL: |  1  2  3  4  5  6 |
---------------+-------------------+-----
Axes           | 2 3 4 |  4.3
Armour         | 3 4 |  4.0
Shields        | 3 |  3.3
Fighting       | 4 |  4.1
Dodging        | |  0.8
Stealth        | |  0.4

Action                   |  1- 3 |  4- 6 || total
-------------------------+-------+-------++-------
Melee: War axe           |    95 |   115 ||   210
       Kick              |    16 |    33 ||    49
  Use: Potion            |       |     3 ||     3
  Eat: Chunk             |     1 |     5 ||     6
Armor: Scale mail        |    51 |    47 ||    98
Dodge: Dodged            |    24 |    33 ||    57
Block: Shield            |    53 |    59 ||   112

Table legend:
 A = Non-vault XP
 B = Vault XP
 C = Vault XP percentage of total XP
 D = Non-vault monster count
 E = Vault monster count
 F = Vault count percentage of total count
                 A         B        C        D         E       F
            +---------+---------+-------+---------+---------+-------
      Total |     205 |     362 |  63.8 |      61 |      17 |  21.8
            +---------+---------+-------+---------+---------+-------
        D:1 |      54 |       0 |   0.0 |      30 |       0 |   0.0
        D:2 |      38 |      20 |  34.5 |      14 |       4 |  22.2
        D:3 |     113 |     342 |  75.2 |      17 |      13 |  43.3
            +---------+---------+-------+---------+---------+-------
